 Dungeon Crawl Stone Soup version 0.29-a0-384-g6960b1960d (webtiles) character file.

Game seed: 14240696373910041623

68103 siradein the Dealer of Despair (level 14, -46/108 (110) HPs)
             Began as a Demonspawn Necromancer on May 6, 2022.
             Was an Elder of Kikubaaqudgha.
             Blown up by a lich (95 damage)
             ... with an orb of destruction
             ... on level 2 of the Abyss.
             The game lasted 01:48:02 (37472 turns).

siradein the Dealer of Despair (DsNe)              Turns: 37472, Time: 01:48:03

HP:   -46/108 (110) AC: 10    Str: 10    XL:     14   Next: 85%
MP:   38/38         EV: 22    Int: 25    God:    Kikubaaqudgha [****..]
Gold: 1145          SH: 18    Dex: 23    Spells: 5/35 levels left

rFire   . . .      SeeInvis .   Z - +8 trident "Haikey" {vorpal, rPois Dex+4 Stlth+}
rCold   . . .      Faith    .   B - +0 kite shield
rNeg    . . .      Spirit   .   N - +1 leather armour "Gax Geff" {MP+9 Stlth+}
rPois   +          Reflect  +   p - +2 helmet
rElec   .          Harm     .   A - +2 cloak
rCorr   .          Rampage  .   (no gloves)
Will    +....                   (no boots)
Stlth   ++++......              J - amulet of reflection
HPRegen 0.28/turn               s - +4 ring of evasion
MPRegen 0.26/turn               y - +6 ring of dexterity

@: slowed, lightly drained, very slow
A: ignite blood 2, powered by pain 2, big brain 2, demonic touch 2
a: Renounce Religion, Receive Corpses


You were on level 2 of the Abyss.
You worshipped Kikubaaqudgha.
Kikubaaqudgha was greatly pleased with you.
You visited 3 branches of the dungeon, and saw 18 of its levels.
You visited the Abyss 1 time.

You collected 1145 gold pieces.

Inventory:

Hand Weapons
 G - a +2 scimitar of flaming
 Z - the +8 trident "Haikey" (weapon) {vorpal, rPois Dex+4 Stlth+}
   (You took it off a spriggan on level 9 of the Dungeon)

   It inflicts extra damage upon your enemies.
   Dex:       It affects your dexterity (+4).
   rPois:     It protects you from poison.
   Stlth:     It makes you more stealthy.
Missiles
 k - 6 silver javelins
 F - 2 throwing nets
Armour
 p - a +2 helmet (worn)
 A - a +2 cloak (worn)
 B - a +0 kite shield (worn)
 N - the +1 leather armour "Gax Geff" (worn) {MP+9 Stlth+}
   (You found it on level 10 of the Dungeon)

   MP:        It affects your magic capacity (+9).
   Stlth:     It makes you more stealthy.
Magical Staves
 f - a staff of death
Jewellery
 n - an amulet of the acrobat
 s - a +4 ring of evasion (left hand)
 w - an amulet of faith
 y - a +6 ring of dexterity (right hand)
 z - a ring of resist corrosion
 E - a ring of protection from cold
 J - an amulet of reflection (around neck)
 X - a +6 ring of dexterity
 Y - the ring of Lyra {Fire Fly}
   (You found it on level 7 of the Dungeon)

   [ring of fire]

   It enhances your fire magic.
   rF:        It protects you from fire.
   rC:        It makes you vulnerable to cold.
   Fly:       It grants you flight.
Wands
 D - a wand of acid (15)
 I - a wand of polymorph (12)
 O - a wand of iceblast (9)
 Q - a wand of mindburst (3)
 T - a wand of flame (7)
Scrolls
 d - 4 scrolls of vulnerability
 e - a scroll of immolation
 q - 2 scrolls of silence
 t - 2 scrolls of blinking
 u - 4 scrolls of poison
 v - 2 scrolls of fear
 M - 2 scrolls of torment
 R - 2 scrolls of magic mapping
 S - 2 scrolls of fog {unknown}
 U - a scroll of enchant armour
 V - a scroll of amnesia
 W - a scroll of enchant weapon
Potions
 b - a potion of magic
 c - 2 potions of attraction
 g - 2 potions of berserk rage
 h - 4 potions of curing
 j - 2 potions of cancellation
 l - 5 potions of brilliance
 m - 4 potions of flight
 x - 2 potions of heal wounds
 C - a potion of mutation
 H - 4 potions of lignification
 K - 2 potions of haste
 L - a potion of invisibility
Miscellaneous
 P - a lightning rod (4/4)


   Skills:
 - Level 10.0 Fighting
 - Level 10.0 Dodging
 - Level 1.7 Stealth
 + Level 9.6 Shields
 + Level 11.3 Spellcasting
 + Level 8.4 Hexes
 + Level 13.8 Necromancy
 + Level 4.5 Ice Magic
 + Level 4.6 Earth Magic


You had 5 spell levels left.
You knew the following spells:

 Your Spells              Type           Power      Damage    Failure   Level
a - Borgnjor's Vile Clut  Necr/Erth      28%        N/A       9%          5
b - Dispel Undead         Necr           70%        3d24      1%          4
c - Animate Dead          Necr           35%        N/A       1%          4
d - Vampiric Draining     Necr           70%        2d11      1%          3
e - Cause Fear            Hex            27%        N/A       4%          4
f - Confusing Touch       Hex            54%        N/A       1%          3
g - Pain                  Necr           100%       1d9       1%          1
h - Simulacrum            Ice/Necr       28%        N/A       43%         6

Your spell library contained the following spells:

 Spells                   Type           Power      Damage    Failure   Level
 Animate Skeleton         Necr           100%       N/A       1%          1
 Corpse Rot               Necr/Air       96%        N/A       1%          2
 Sublimation of Blood     Necr           70%        N/A       1%          2
 Anguish                  Hex/Necr       31%        N/A       1%          4
 Agony                    Necr           70%        N/A       1%          5
 Excruciating Wounds      Necr           35%        N/A       1%          5
 Dazzling Flash           Conj/Hex       70%        N/A       7%          3
 Inner Flame              Hex/Fire       35%        N/A       7%          3
 Portal Projectile        Hex/Tloc       70%        N/A       7%          3
 Beastly Appendage        Tmut           28%        N/A       13%         1
 Poisonous Vapours        Pois/Air       28%        N/A       21%         2
 Conjure Flame            Conj/Fire      14%        6-21      36%         3
 Hailstorm                Conj/Ice       25%        3d7       45%         4
 Petrify                  Tmut/Erth      25%        N/A       45%         4
 Yara's Violent Unravell  Hex/Tmut       17%        3d8       54%         5
 Iskenderun's Mystic Bla  Conj/Tloc      14%        2d5       78%         4
 Blade Hands              Tmut           7%         N/A       98%         5
 Enfeeble                 Hex            27%        N/A       98%         7
 Starburst                Conj/Fire      7%         6d4       100%        6
 Discord                  Hex            27%        N/A       100%        8
 Fire Storm               Conj/Fire      7%         8d2       100%        9


Dungeon Overview and Level Annotations

Branches:
Dungeon (11/15)            Temple (1/1) D:4            Lair (6/6) D:11
 Shoals (0/4) Lair:4        Snake (0/4) Lair:4        Slime (0/5) Lair:5
    Orc (0/2) D:10

Altars:
Ashenzari
Cheibriados
Dithmenos
Elyvilon
Fedhas
Gozag
Hepliaklqana
Kikubaaqudgha
Makhleb
Nemelex Xobeh
Okawaru
Qazlal
Ru
Sif Muna
Trog
Uskayaw
Vehumet
Wu Jian
Xom
Yredelemnul
Zin
The Shining One

Shops:
D:2 (

Annotations:
Lair:5 exclusion: 2 oklob plants


Innate Abilities, Weirdness & Mutations

Your demonic aura often causes spilled blood to erupt in flames.
You sometimes gain power by taking damage.
You have an extremely huge brain. (Int +4)
Your touch may inflict irresistible damage on your foes.


Message History

You destroy the large abomination!
That felt strangely unrewarding.
It was a potion of might.
You feel mightier all of a sudden.
A lurking horror comes into view.
You start resting.
You feel a little less mighty now.
You start resting.
You start resting.
A wretched star comes into view.
A large abomination comes into view.
A large abomination comes into view.
The wretched star glows turbulently.
The lance of force hits you!
You are knocked back by the lance of force.
You slam into the rock wall!
The large abomination barely misses you.
A lich comes into view.
An ancient zyme and a thrashing horror come into view.
The wretched star glows turbulently.
The lance of force hits you!!
You are knocked back by the lance of force.
A thrashing horror comes into view.
You feel yourself growing ill in the presence of the ancient zyme.
The lich gestures wildly while chanting.
The lich flickers and vanishes!
Deactivating autopickup; reactivate with Ctrl-A.
A smoke demon comes into view.
A wretched star comes into view.
You hear some strange, mumbled words.
You feel yourself slow down.
A worldbinder comes into view.
Something conjures a glowing orb.
The thrashing horror roars! x2
An orb of destruction comes into view.
You hear a chilling moan. x2; You hear a bark!
You block the thrashing horror's attack.
The thrashing horror misses you. The orb of destruction hits you!!!!
Ouch! That really hurt!
You die...
Kikubaaqudgha rasps: "You have failed me!
Welcome... death!"

.### .#.## .... ...#.#
#.... ..... ..
........###...###.§.###..
........#.....#.....#...
....... ....☼...*........
.. .......☼...§.X........
...... ...☼...§.@X..x....
.. ... ##..##..##○.##..#
... #..##..##§.##.○##X.#
...###.....*.....§{......
#*# ..##...####......##..
...#.######.....x..###
###....# #......## #
###...X# ####..## . ..
.#### ####


You could see 2 wretched stars, 2 thrashing horrors and a worldbinder.

Vanquished Creatures
  Rupert (Lair:6)
  A dire elephant (Lair:6)
  3 boulder beetles
  9 hydras
  Erica (D:11)
  16 death yaks
  The ghost of Antichthon the Covert, a novice GnWn of Makhleb (D:9)
  Sonja (D:11)
  The ghost of sirJeffrey23 the Insei, a novice DsMo (D:7)
  An oklob plant (Lair:5)
  A manticore (D:11)
  12 elephants
  A cyclops (D:11)
  3 merfolk sirens (Lair:4)
  A torpor snail (Lair:6)
  7 black mambas
  21 cane toads
  A gargoyle (D:11)
  6 rime drakes
  An unseen horror (D:11)
  A kobold demonologist (D:11)
  A hellwing (Abyss:2)
  11 komodo dragons
  A polar bear (Lair:4)
  A merfolk (Lair:4)
  3 trolls (D:11)
  22 blink frogs
  12 dream sheep
  A shadow (D:10)
  9 wyverns
  3 spriggans (D:9)
  33 yaks
  2 vampires
  Eustachio (D:3)
  3 basilisks
  A vampire mosquito (D:10)
  A steam dragon (D:8)
  Menkaure (D:7)
  2 nagas (Lair:4)
  A warg (D:10)
  3 acid dragons
  11 water moccasins
  4 ice beasts
  9 orc warriors
  A large abomination (Abyss:2)
  A sky beast (D:6)
  The ghost of sammy202020 the Skirmisher, an amateur MiFi (D:3)
  2 black bears (D:11)
  6 wolves
  3 ogres
  4 centaurs
  2 kobold brigands
  3 phantoms
  18 bullfrogs
  A gnoll sergeant (D:7)
  A necrophage (D:6)
  3 scorpions
  9 killer bees
  3 howler monkeys
  2 electric eels (D:7)
  A gnoll shaman (D:6)
  A jelly (D:8)
  6 orc priests
  5 hounds
  3 iguanas
  12 orc wizards
  A centaur simulacrum (D:7)
  A killer bee simulacrum (D:7)
  Robin (D:1)
  16 gnolls
  5 adders
  6 white imps
  2 ufetubi
  4 worms
  4 dart slugs
  32 orcs
  2 bat zombies (D:9)
  3 endoplasms
  2 giant cockroaches
  22 goblins
  14 hobgoblins
  2 jackals (D:1)
  9 quokkas
  9 ball pythons
  2 bats
  2 frilled lizards
  14 kobolds
  6 rats
  2 rat zombies (D:9)
  A bush (D:6)
476 creatures vanquished.

Vanquished Creatures (collateral kills)
  A dire elephant (Lair:5)
  A hydra (Lair:4)
  A death yak (Lair:5)
  An oklob plant (Lair:5)
  An elephant (Lair:5)
  A black mamba (Lair:5)
  A komodo dragon (Lair:6)
  2 blink frogs (Lair:6)
  A dream sheep (Lair:4)
  A shadow (D:10)
  2 yaks (Lair:5)
  A vampire mosquito (D:11)
  An ice beast (D:5)
  A wolf (Lair:4)
  A bullfrog (D:8)
17 creatures vanquished.

Vanquished Creatures (others)
  A small abomination (Abyss:2)
  An orc wizard (D:7)
  121 fungi
  99 plants
222 creatures vanquished.

Grand Total: 715 creatures vanquished

Notes
Turn   | Place    | Note
-------+----------+-------------------------------------------
     0 | D:1      | siradein the Demonspawn Necromancer began the quest for the
                  | Orb.
     0 | D:1      | Reached XP level 1. HP: 13/13 MP: 3/3
   521 | D:1      | Gained mutation: You have an unusually large brain. (Int
                  | +2) [demonic ancestry]
   521 | D:1      | Reached XP level 2. HP: 5/19 MP: 0/5
  1649 | D:2      | Found Fefusokh's Antique Weapon Boutique.
  1683 | D:2      | Reached skill level 5 in Necromancy
  1724 | D:2      | Gained mutation: You have an extremely huge brain. (Int +4)
                  | [demonic ancestry]
  1724 | D:2      | Reached XP level 3. HP: 21/24 MP: 4/7
  1750 | D:2      | Learned a level 3 spell: Vampiric Draining
  1808 | D:2      | Found a faded altar of an unknown god.
  2202 | D:2      | Noticed Robin
  2242 | D:1      | Killed Robin
  2635 | D:2      | Gained mutation: You sometimes gain a little power by
                  | taking damage. [demonic ancestry]
  2635 | D:2      | Reached XP level 4. HP: 24/30 MP: 2/8
  2909 | D:3      | Found a shadowy altar of Dithmenos.
  3040 | D:3      | Learned a level 4 spell: Animate Dead
  4057 | D:3      | Reached XP level 5. HP: 34/35 MP: 8/10
  4135 | D:3      | Found a runed translucent door.
  4137 | D:3      | Noticed sammy202020's ghost (amateur MiFi)
  4617 | D:4      | Found a staircase to the Ecumenical Temple.
  4628 | Temple   | Entered the Ecumenical Temple
  4823 | D:4      | Noticed Eustachio
  4826 | D:4      | Noticed an orc warrior
  4920 | D:4      | Noticed a phantom
  4947 | D:4      | Reached skill level 6 in Necromancy
  5304 | D:3      | Killed Eustachio
  5305 | D:3      | Gained mutation: Your touch may inflict minor irresistible
                  | damage on your foes. [demonic ancestry]
  5305 | D:3      | Reached XP level 6. HP: 31/41 MP: 5/12
  5414 | D:4      | Killed an orc warrior
  5415 | D:4      | Reached skill level 7 in Necromancy
  5471 | D:3      | Reached skill level 5 in Spellcasting
  5471 | D:3      | Reached XP level 7. HP: 35/46 MP: 2/14
  5990 | D:4      | Found a burning altar of Makhleb.
  5993 | D:4      | Found a hazy altar of Hepliaklqana.
  5993 | D:4      | Found a sacrificial altar of Ru.
  5995 | D:4      | Found a shimmering altar of Xom.
  5995 | D:4      | Found a shimmering blue altar of Sif Muna.
  5995 | D:4      | Found a shimmering altar of Xom.
  6070 | D:5      | Entered Level 5 of the Dungeon
  6188 | D:5      | Found a radiant altar of Vehumet.
  6218 | D:5      | Reached skill level 1 in Fighting
  6629 | D:5      | Reached XP level 8. HP: 31/56 MP: 3/16
  6840 | D:5      | Reached skill level 8 in Necromancy
  8034 | D:6      | Found an iron altar of Okawaru.
  8088 | D:6      | Reached skill level 1 in Shields
  8172 | D:6      | Identified the +6 dagger "Earthworm" {holy, Dex+4}
  8230 | D:6      | You fall into a shaft and drop 1 floor!
  8819 | D:6      | Found a shimmering blue altar of Sif Muna.
  9311 | D:6      | Gained mutation: You sometimes gain power by taking damage.
                  | [demonic ancestry]
  9311 | D:6      | Reached XP level 9. HP: 51/65 MP: 18/18
  9420 | D:7      | Noticed Menkaure
 10036 | D:7      | Found a broken altar of Ashenzari.
 10122 | D:7      | Found a bloodstained altar of Trog.
 10235 | D:7      | Reached skill level 9 in Necromancy
 10418 | D:7      | Noticed sirJeffrey23's ghost (novice DsMo)
 10628 | D:7      | Found a runed translucent gate.
 10628 | D:7      | Found a runed translucent gate.
 10628 | D:7      | Found a runed translucent gate.
 11197 | D:8      | Reached skill level 5 in Fighting
 11197 | D:8      | Reached skill level 5 in Dodging
 11432 | D:8      | Found a basalt altar of Yredelemnul.
 12251 | D:9      | Gained mutation: Your demonic aura sometimes causes spilled
                  | blood to erupt in flames. [demonic ancestry]
 12251 | D:9      | Reached XP level 10. HP: 74/74 MP: 12/21
 12684 | D:9      | Found a sacrificial altar of Ru.
 12888 | D:9      | Found an ancient bone altar of Kikubaaqudgha.
 12903 | D:9      | Became a worshipper of Kikubaaqudgha
 13359 | D:9      | Found an opulent altar of Gozag.
 13620 | D:9      | Found a runed translucent door.
 13621 | D:9      | Noticed Antichthon's ghost (novice GnWn)
 13622 | D:9      | Identified the +8 trident "Haikey" {vorpal, rPois Dex+4
                  | Stlth+}
 13674 | D:10     | Entered Level 10 of the Dungeon
 13938 | D:10     | Identified the +1 leather armour "Gax Geff" {MP+9 Stlth+}
 14026 | D:10     | Reached skill level 10 in Necromancy
 14487 | D:10     | Found a staircase to the Orcish Mines.
 14673 | D:10     | Reached skill level 5 in Shields
 15057 | D:10     | Identified a scroll of acquirement
 15078 | D:11     | Noticed a boulder beetle
 15661 | D:11     | Noticed a cyclops
 15682 | D:11     | Killed a cyclops
 15850 | D:11     | Learned a level 3 spell: Confusing Touch
 15877 | D:11     | Killed a boulder beetle
 15883 | D:11     | Gained mutation: Your demonic aura often causes spilled
                  | blood to erupt in flames. [demonic ancestry]
 15883 | D:11     | Reached XP level 11. HP: 83/83 MP: 9/23
 15991 | D:11     | Reached skill level 1 in Hexes
 16262 | D:11     | Reached * piety under Kikubaaqudgha
 16262 | D:11     | Received a gift from Kikubaaqudgha
 16338 | D:11     | Noticed Erica
 16461 | D:11     | Killed Erica
 16600 | D:11     | Found a staircase to the Lair.
 16912 | D:11     | Reached skill level 11 in Necromancy
 17130 | D:11     | Noticed Sonja
 17142 | D:11     | Killed Sonja
 18177 | D:10     | Found a staircase to the Orcish Mines.
 18973 | D:9      | Found an opulent altar of Gozag.
 19018 | D:9      | Found an ancient bone altar of Kikubaaqudgha.
 19123 | D:9      | Found a sacrificial altar of Ru.
 19515 | Lair:1   | Entered Level 1 of the Lair of Beasts
 19899 | Lair:1   | Acquired a staff of death
 20262 | Lair:1   | Reached XP level 12. HP: 84/92 MP: 2/25
 21514 | Lair:2   | Reached ** piety under Kikubaaqudgha
 22750 | Lair:3   | Reached skill level 5 in Hexes
 22750 | Lair:3   | Reached skill level 12 in Necromancy
 24013 | Lair:4   | Learned a level 4 spell: Cause Fear
 24256 | Lair:4   | Noticed a five-headed hydra
 24256 | Lair:4   | Noticed an eight-headed hydra
 24276 | Lair:4   | Killed a five-headed hydra
 24409 | Lair:4   | Noticed a seven-headed hydra
 24465 | Lair:4   | Killed a seven-headed hydra
 24467 | Lair:4   | Killed an eight-headed hydra
 24668 | Lair:4   | Noticed an eight-headed hydra
 24698 | Lair:4   | Reached skill level 10 in Spellcasting
 24699 | Lair:4   | Reached XP level 13. HP: 60/101 MP: 27/27
 24975 | Lair:4   | Reached *** piety under Kikubaaqudgha
 24975 | Lair:4   | Received a gift from Kikubaaqudgha
 25063 | Lair:3   | Learned a level 4 spell: Dispel Undead
 25069 | Lair:3   | Learned a level 5 spell: Borgnjor's Vile Clutch
 25076 | Lair:3   | Learned a level 6 spell: Simulacrum
 25360 | D:3      | Killed sammy202020's ghost
 25509 | D:7      | Killed Menkaure
 25929 | D:7      | Killed sirJeffrey23's ghost
 25993 | D:7      | Got the ring of Lyra {Fire Fly}
 26098 | D:9      | Killed Antichthon's ghost
 26393 | Lair:4   | Found a staircase to the Shoals.
 26556 | Lair:4   | Found a staircase to the Snake Pit.
 27723 | Lair:5   | Reached skill level 1 in Earth Magic
 27738 | Lair:5   | Reached skill level 1 in Ice Magic
 27943 | Lair:5   | Found a staircase to the Slime Pits.
 28646 | Lair:5   | Reached skill level 13 in Necromancy
 29583 | Lair:6   | Entered Level 6 of the Lair of Beasts
 29824 | Lair:6   | Reached skill level 10 in Fighting
 29983 | Lair:5   | Gained mutation: Your touch may inflict irresistible damage
                  | on your foes. [demonic ancestry]
 29983 | Lair:5   | Reached XP level 14. HP: 110/110 MP: 16/28
 30448 | Lair:6   | Reached **** piety under Kikubaaqudgha
 30514 | Lair:6   | Got the Compendium of Blistering Changing
 30517 | Lair:6   | Noticed Rupert
 31253 | Lair:5   | Found a staircase to the Slime Pits.
 33551 | Lair:6   | Reached skill level 10 in Dodging
 34110 | Lair:6   | Killed Rupert
 35494 | Lair:6   | Got the Catalogue of Hurtful Evil Rites
 35967 | Lair:6   | Cast into level 2 of the Abyss (a wizard)
 35967 | Abyss:2  | Found a corrupted altar of Lugonu.
 36124 | Abyss:2  | Found a shimmering altar of Xom.
 36199 | Abyss:2  | Noticed a tentacled monstrosity
 37166 | Abyss:2  | Noticed a starcursed mass
 37468 | Abyss:2  | Noticed a lich
 37472 | Abyss:2  | Blown up by a lich

Illustrated notes

Levels and vault maps discovered:
D:1:      kilobyte_arrival_exit_the_forest, layout_basic
D:2:      layout_rooms, hellmonk_ecumenical_altar_arch_garden, serial_shops,
          nicolae_shop_hallway_stairs, minmay_misc_feat_square, uniq_robin
D:3:      cheibrodos_greedy_goblins, layout_basic,
          nicolae_dithmenos_through_a_glass_darkly, ebering_ghost_inner_flame,
          minmay_three_crescents
D:4:      layout_cave_pools, doesnt_xom_only_xom, mainiacjoe_overflow_alcove_2,
          minmay_temple_entry_crystal_x, uniq_eustachio
D:5:      layout_layer_cave, nicolae_vehumet_altar_sigil, grunt_ministairs_2
D:6:      wad_crossroads, layout_basic, nicolae_tso_swordbearing_angel,
          mainiacjoe_overflow_tiny_flanked, lemuel_tele_altar, hex_tiny,
          minmay_misc_feat_secret_circle, kb_lookout_dungeons_type,
          minmay_misc_feat_plants
D:7:      layout_loops_ring, lemuel_doored_altar, mainiacjoe_overflow_catwalk,
          gammafunk_ghost_icy, serial_bayou_ford_a, hangedman_decor_peaks_small,
          uniq_menkaure
D:8:      layout_basic, mainiacjoe_overflow_cross_hatched
D:9:      layout_roguey, nicolae_overflow_crystal_walls,
          lemuel_zombie_altar_kikubaaqudgha, nicolae_overflow_hidden_temple,
          ebering_ghost_funeral_grove, serial_glass, glass_columns_b,
          glass_columns_c, glass_columns_b, glass_columns_a
D:10:     layout_roguey, david_orc_1_choice, kennysheep_donut
D:11:     layout_basic, due_lair_maze_entry_diamond, uniq_sonja, uniq_erica
Temple:   jpeg_temple_island
Lair:1:   layout_gridlike, beast_lair_carwin_7, infiniplex_staircase_pool_2,
          lemuel_fruit_fields
Lair:2:   layout_long_grid, minivault_27
Lair:3:   layout_cave_pods, chequers_serial_rivers_micro_c
Lair:4:   layout_roguey, elwin_shoals_entry_stream, guppyfry_snake_entry_island,
          minmay_shattered_shrine
Lair:5:   layout_cave_pods, minmay_slime_entry_oklob_open,
          chequers_serial_rivers_room_a
Lair:6:   evil_forest, layout_gridlike, grunt_megastairs_2, uniq_rupert
Abyss:2:  base: D:5, abyss_furniture_001, bh_silent_lugonu_exit,
          evilmike_abyss_exit_plants, hangedman_abyss_mock_shop,
          hangedman_abyss_mock_shop, hangedman_abyss_lost_library,
          small_statue_intersection, minivault_11, minivault_19

Skill      XL: |  1  2  3  4  5  6  7  8  9 10 11 12 13 14 |
---------------+-------------------------------------------+-----
Necromancy     | 5 6 7 8 9 10 11 12 13 | 13.8
Spellcasting   | 3 4 5 6 7 8 9 10 11 | 11.3
Fighting       | 2 3 5 6 8 9 10 | 10.0
Dodging        | 2 4 5 6 7 8 9 10 | 10.0
Shields        | 2 4 5 6 7 8 9 |  9.6
Hexes          | 3 5 7 8 |  8.4
Earth Magic    | 2 4 |  4.6
Ice Magic      | 2 4 |  4.5
Stealth        | |  1.7

Action                   |  1- 3 |  4- 6 |  7- 9 | 10-12 | 13-15 || total
-------------------------+-------+-------+-------+-------+-------++-------
Melee: Unarmed           |     8 |       |       |       |       ||     8
       Dagger            |     2 |    23 |   170 |   255 |       ||   450
       Touch             |       |     6 |     2 |       |       ||     8
       Whip              |       |       |    77 |    33 |       ||   110
       Scimitar          |       |       |       |    80 |    38 ||   118
       Staff             |       |       |       |    31 |    36 ||    67
       Long sword        |       |       |       |    53 |       ||    53
       Trident           |       |       |       |       |    73 ||    73
 Cast: Pain              |    76 |   102 |   173 |    33 |       ||   384
       Vampiric Draining |       |     6 |    54 |   248 |   283 ||   591
       Animate Dead      |       |     2 |     2 |    13 |    34 ||    51
       Confusing Touch   |       |       |       |     1 |       ||     1
       Dispel Undead     |       |       |       |       |    10 ||    10
       Borgnjor's Vile C |       |       |       |       |    94 ||    94
       Cause Fear        |       |       |       |       |     1 ||     1
Invok: Receive Corpses   |       |       |       |     1 |     3 ||     4
Evoke: Wand              |       |       |       |       |     4 ||     4
  Use: Potion            |     1 |       |       |     2 |     6 ||     9
       Scroll            |       |     3 |    10 |    15 |    13 ||    41
 Stab: Sleeping          |       |       |     2 |     5 |     2 ||     9
       Distracted        |       |       |       |     1 |     2 ||     3
Armor: Robe              |    10 |     6 |       |       |       ||    16
       Leather armour    |       |     4 |    68 |   169 |    80 ||   321
       Skin              |       |       |     3 |       |       ||     3
Dodge: Dodged            |    11 |    57 |   170 |   475 |   285 ||   998
Block: Kite shield       |       |       |   128 |   653 |   502 ||  1283
       Reflection        |       |       |       |     7 |     4 ||    11

Table legend: (Time is in decaauts)
 A = Elapsed time spent in this place.
 B = Non-inter-level travel time spent in this place.
 C = Inter-level travel time spent in this place.
 D = Time resting spent in this place.
 E = Time spent auto-exploring this place.
 F = Levels seen in this place.
 G = Mean time per level.
                   A        B        C        D        E       F      G
               +--------+--------+--------+--------+--------+-----+--------+
         Total |  37844 |  36272 |   1572 |   5850 |  23784 |  19 | 1991.8 |
       Dungeon |  20682 |  19608 |   1074 |   2027 |  14187 |  11 | 1880.2 |
        Temple |    233 |    233 |      0 |      0 |    215 |   1 |  233.0 |
          Lair |  15413 |  14916 |    497 |   2814 |   9381 |   6 | 2568.8 |
         Abyss |   1515 |   1515 |      0 |   1009 |      0 |   1 | 1515.0 |
               +--------+--------+--------+--------+--------+-----+--------+

Top non-repeatable levels by time:
  Lair:5: 6244 daAuts
    D:10: 2761 daAuts
    D:11: 2664 daAuts
  Lair:6: 2456 daAuts
     D:9: 2227 daAuts
     D:3: 2188 daAuts
  Lair:4: 2139 daAuts
  Lair:1: 1940 daAuts
     D:5: 1935 daAuts
     D:1: 1877 daAuts
     D:7: 1778 daAuts
     D:8: 1613 daAuts
     D:6: 1595 daAuts
 Abyss:2: 1515 daAuts
  Lair:3: 1388 daAuts
